 Dungeon Crawl Stone Soup version 0.28-a0-973-ga7f8b01127 (webtiles) character file.

Game seed: 9440800037789448251

229 horus123 the Poker (level 5, -2/41 HPs)
             Began as a Demonspawn Abyssal Knight on Dec 1, 2021.
             Was a Believer of Lugonu.
             Slain by Grinder (7 damage)
             ... on level 3 of the Dungeon.
             The game lasted 00:05:39 (2587 turns).

horus123 the Poker (Demonspawn Abyssal Knight)      Turns: 2587, Time: 00:05:40

Health: -2/41      AC:  6    Str: 13    XL:     5   Next: 71%
Magic:  7/8        EV: 11    Int: 13    God:    Lugonu [**....]
Gold:   140        SH:  0    Dex: 14    Spells: 2/4 levels left

rFire   . . .      SeeInvis +   a - +4 spear (chaos)
rCold   . . .      Faith    .   (no shield)
rNeg    . . .      Spirit   .   b - +1 leather armour
rPois   .          Reflect  .   (no helmet)
rElec   .          Harm     .   (no cloak)
rCorr   .          Rampage  .   (no gloves)
Will    .....                   (no boots)
Stlth   +.........              (no amulet)
HPRegen 0.13/turn               f - ring of see invisible
MPRegen 0.11/turn               (no ring)

@: no status effects
A: slimy green scales 1, ignite blood 1, demonic touch 1
a: Renounce Religion, Depart the Abyss, Bend Space


You were on level 3 of the Dungeon.
You worshipped Lugonu.
Lugonu was pleased with you.
You visited 1 branch of the dungeon, and saw 3 of its levels.
You visited the Abyss 1 time.

You collected 140 gold pieces.

Inventory:

Hand Weapons
 a - a +4 spear of chaos (weapon)
Armour
 b - a +1 leather armour (worn)
Jewellery
 f - a ring of see invisible (left hand)
Wands
 e - a wand of flame (9)
Scrolls
 c - 2 scrolls of identify
Potions
 d - 4 potions of brilliance


   Skills:
 - Level 3.0 Fighting
 - Level 5.0 Polearms
 - Level 1.7 Armour
 - Level 0.8 Dodging
 - Level 4.0 Invocations


You had 2 spell levels left.
You knew the following spells:

 Your Spells              Type           Power      Damage    Failure   Level
a - Ensorcelled Hibernat  Hex/Ice        0%         N/A       52%         2

Your spell library contained the following spells:

 Spells                   Type           Power      Damage    Failure   Level
 Tukima's Dance           Hex            0%         N/A       75%         3


Dungeon Overview and Level Annotations

Branches:
Dungeon (3/15)

Altars:

Annotations:
D:3 Grinder


Innate Abilities, Weirdness & Mutations

You are partially covered in slimy green scales. (AC +2)
Your demonic aura sometimes causes spilled blood to erupt in flames.
Your touch may inflict minor irresistible damage on your foes.


Message History

Grinder is lightly wounded.
Grinder hits you!
You writhe in agony.
You are too injured to fight recklessly!
Non-targeted abil: Bend Space
Press: ? - help, Q - select action, (/) - cycle Dir - look around, f - activate Space bends around you!
You blink.
The endoplasm is engulfed in blazing flames.
You kill the endoplasm!
Lugonu accepts your kill.
Grinder says, "FISH!"
Okay, then.
Grinder gestures at you.
You suddenly lose the ability to move!
Grinder gestures at you.
You shrug off the repeated paralysis!
You can move again.
A giant cockroach comes into view.
Grinder gestures at you.
You shrug off the repeated paralysis!
Reach: a) +4 spear (chaos)
Press: ? - help, Dir - move target, f - Grinder
Aim: Grinder (lightly wounded, unusually agile, about 49% to evade your +4 spear of chaos)
Okay, then.
Aiming: Throw Flame
Press: ? - help, Shift-Dir - straight line, f - Grinder
Aim: Grinder (lightly wounded, unusually agile, 45% to hit)
The puff of flame hits Grinder.
Grinder is moderately wounded.
Grinder hits you!
* * * LOW HITPOINT WARNING * * *
You writhe in agony.
* * * LOW HITPOINT WARNING * * *
Okay, then.
Aiming: Throw Flame
Press: ? - help, Shift-Dir - straight line, f/p - Grinder
Aim: Grinder (moderately wounded, unusually agile, 45% to hit)
The puff of flame hits Grinder.
Grinder is heavily wounded.
Grinder hits you!
You die...

#....# #...#.
#######.###
######
..........# #
#.######.#.###
#
#.######.#(..#
.........+...#
........##...#
###
B.......##...#
#..
#...@5....#
#..
#.........#
#..
#........##
#.. #........#
### ##########
# # # #


You could see Grinder (agile) and a giant cockroach (asleep).

Vanquished Creatures
  An ogre (D:3)
  3 gnolls
  6 adders
  An orc (D:3)
  8 ball pythons
  3 bats
  10 endoplasms
  5 goblins
  5 hobgoblins
  2 jackals (D:2)
  2 quokkas
  2 frilled lizards (D:2)
  10 kobolds
  5 rats
63 creatures vanquished.

Notes
Turn   | Place    | Note
-------+----------+-------------------------------------------
     0 | Abyss:1  | horus123 the Demonspawn Abyssal Knight began the quest for
                  | the Orb.
     0 | Abyss:1  | Reached XP level 1. HP: 18/18 MP: 2/2
    35 | D:1      | Escaped the Abyss
   315 | D:1      | Gained mutation: You are partially covered in slimy green
                  | scales. (AC +2) [demonic ancestry]
   315 | D:1      | Reached XP level 2. HP: 24/24 MP: 4/4
   836 | D:1      | Reached skill level 2 in Polearms
   861 | D:1      | Reached ** piety under Lugonu
   947 | D:2      | Gained mutation: Your touch may inflict minor irresistible
                  | damage on your foes. [demonic ancestry]
   947 | D:2      | Reached XP level 3. HP: 27/29 MP: 6/6
   964 | D:2      | Found a faded altar of an unknown god.
  1409 | D:2      | Reached skill level 3 in Polearms
  1472 | D:2      | Gained mutation: Your demonic aura sometimes causes spilled
                  | blood to erupt in flames. [demonic ancestry]
  1472 | D:2      | Reached XP level 4. HP: 35/35 MP: 7/7
  2177 | D:3      | Reached skill level 4 in Polearms
  2389 | D:3      | Noticed an ogre
  2395 | D:3      | Killed an ogre
  2396 | D:3      | Reached XP level 5. HP: 41/41 MP: 8/8
  2492 | D:3      | Reached skill level 5 in Polearms
  2503 | D:3      | Learned a level 2 spell: Ensorcelled Hibernation
  2574 | D:3      | Noticed Grinder
  2581 | D:3      | Paralysed by Grinder for 4 turns
  2587 | D:3      | Slain by Grinder

Illustrated notes

Levels and vault maps discovered:
D:1:      lemuel_arrival_hallway, layout_basic
D:2:      layout_basic, hellmonk_ecumenical_altar_run_dry
D:3:      layout_basic, minivault_4, uniq_grinder

Skill      XL: |  1  2  3  4  5 |
---------------+----------------+-----
Invocations    | 3 4 |  4.0
Polearms       | 2 3 4 5 |  5.0
Fighting       | |  3.0
Armour         | |  1.7
Dodging        | |  0.8

Action                   |  1- 3 |  4- 6 || total
-------------------------+-------+-------++-------
Melee: Spear             |   128 |    79 ||   207
       Touch             |    12 |    10 ||    22
Invok: Bend Space        |       |     2 ||     2
Evoke: Wand              |       |     2 ||     2
  Use: Scroll            |     4 |     7 ||    11
       Potion            |       |     2 ||     2
 Stab: Sleeping          |     4 |       ||     4
Armor: Leather armour    |    33 |    15 ||    48
Dodge: Dodged            |    52 |    34 ||    86

Table legend: (Time is in decaauts)
 A = Elapsed time spent in this place.
 B = Non-inter-level travel time spent in this place.
 C = Inter-level travel time spent in this place.
 D = Time resting spent in this place.
 E = Time spent auto-exploring this place.
 F = Levels seen in this place.
 G = Mean time per level.
                   A        B        C        D        E       F      G
               +--------+--------+--------+--------+--------+-----+--------+
         Total |   2581 |   2546 |     35 |    415 |   1669 |   4 |  645.2 |
       Dungeon |   2546 |   2511 |     35 |    415 |   1639 |   3 |  848.7 |
         Abyss |     35 |     35 |      0 |      0 |     30 |   1 |   35.0 |
               +--------+--------+--------+--------+--------+-----+--------+

Top non-repeatable levels by time:
     D:2: 1175 daAuts
     D:1: 906 daAuts
     D:3: 465 daAuts
 Abyss:1: 35 daAuts
